 Dungeon Crawl Stone Soup version 0.30-a0-948-g4fa250aae5 (webtiles) character file.

Game seed: 1553249304149948946

791 DeathPants the Magician (level 7, -4/39 HPs)
             Began as a Vine Stalker Wanderer on Mar 26, 2023.
             Was an Initiate of Gozag.
             Succumbed to a gnoll sergeant's poison
             ... on level 5 of the Dungeon.
             The game lasted 00:12:25 (4373 turns).

DeathPants the Magician (Vine Stalker Wanderer)     Turns: 4373, Time: 00:12:25

Health: -4/39      AC: 14    Str: 18    XL:     7   Next: 88%
Magic:  19/24      EV: 13    Int: 12    God:    Gozag
Gold:   32         SH:  0    Dex: 12    Spells: 16/16 levels left

rFire   . . .      SeeInvis .    t - +0 rapier
rCold   . . .      Faith    .    (no shield)
rNeg    . . .      Spirit   +    r - +3 chain mail {rPois}
rPois   +          Reflect  .    (no helmet)
rElec   .          Rampage  .    (no cloak)
rCorr   .                        o - +0 pair of gloves
Will    .....                    y - +0 pair of boots Stlth
                                 (no amulet)
HPRegen 1.06/turn                l - +5 ring of evasion
MPRegen 0.19/turn                m - ring of magical power

@: lethally poisoned (-4 -> -23), gold aura
A: fangs 2, regeneration 1, magic shield, antimagic bite, no potion heal 2
a: Renounce Religion, Potion Petition, Call Merchant, Bribe Branch


You were on level 5 of the Dungeon.
You worshipped Gozag.
Gozag was noncommittal.
You visited 2 branches of the dungeon, and saw 6 of its levels.

You collected 129 gold pieces.
You spent 36 gold pieces at shops.
You paid 61 gold pieces to Gozag.

Inventory:

Hand Weapons
 t - a +0 rapier (weapon)
Missiles
 j - 11 poisoned darts (quivered)
 z - a throwing net
Armour
 b - a +2 scale mail
 o - a +0 pair of gloves (worn)
 r - a +3 chain mail of poison resistance (worn)
 y - a +0 pair of boots (worn)
Jewellery
 l - a +5 ring of evasion (left hand)
 m - a ring of magical power (right hand)
 p - a ring of positive energy
Scrolls
 c - a scroll of silence
 f - a scroll of blinking {unknown}
 g - a scroll of butterflies {unknown}
 n - 2 scrolls of teleportation
 u - a scroll of magic mapping {unknown}
 x - a scroll of enchant weapon {unknown}
Potions
 d - 2 potions of curing
 e - 2 potions of cancellation
 h - 2 potions of resistance {unknown}
 q - 2 potions of ambrosia {unknown}
 v - 3 potions of attraction {unknown}
 w - a potion of haste {unknown}


   Skills:
 + Level 5.0 Fighting
 - Level 2.8 Long Blades
 - Level 3.2 Armour
 - Level 3.2 Dodging
 + Level 5.0 Spellcasting
 - Level 1.0 Invocations


You had 16 spell levels left.
You didn't know any spells.
Your spell library contained the following spells:

 Spells                   Type           Power      Damage    Failure   Level
 Cigotuvi's Dreadful Rot  Necr/Pois/Air  6%         N/A       98%         2
 Poisonous Vapours        Pois/Air       6%         N/A       98%         2
 Mephitic Cloud           Conj/Pois/Air  3%         N/A       100%        3
 Ozocubu's Armour         Ice            3%         N/A       100%        3
 Metabolic Englaciation   Hex/Ice        1%         N/A       100%        5
 Simulacrum               Ice/Necr       Unusable   N/A       N/A         6

Dungeon Overview and Level Annotations

Branches:
Dungeon (5/15)             Temple (1/1) D:4

Altars:
Ashenzari
Cheibriados
Dithmenos
Elyvilon
Gozag
Hepliaklqana
Makhleb
Nemelex Xobeh
Qazlal
Ru
Sif Muna
Trog
Uskayaw
Vehumet
Wu Jian
Xom
Yredelemnul
The Shining One

Shops:
D:4 !


Innate Abilities, Weirdness & Mutations

You have extremely sharp teeth.
Your natural rate of healing is unusually fast.
When hurt, damage is shared between your health and your magic reserves.
Your bite disrupts and absorbs the magic of your enemies.
Potions cannot restore your health.


Message History

Your Fighting skill increases to level 5!
You feel very sick. The gnoll sergeant closely misses you.
Things that are here:
4 gold pieces; a +0 halberd You feel very sick.
The gnoll sergeant hits you but does no damage.
You feel very sick.
The gnoll sergeant hits you with a +0 spear of venom.
You hit the gnoll sergeant but do no damage.
You feel very sick.
The gnoll sergeant hits you but does no damage.
You hit the gnoll sergeant.
The gnoll sergeant is lightly wounded.
You feel sick.
The gnoll sergeant hits you but does no damage.
You are more poisoned.
You hit the gnoll sergeant but do no damage.
The gnoll sergeant is lightly wounded.
You feel very sick.
The gnoll sergeant hits you with a +0 spear of venom.
You are more poisoned.
The gnoll sergeant hits you with a +0 spear of venom.
You are more poisoned.
You hit the gnoll sergeant.
The gnoll sergeant is heavily wounded.
* * * LOW HITPOINT WARNING * * *
You feel extremely sick.
The gnoll sergeant hits you but does no damage.
You hit the gnoll sergeant.
The gnoll sergeant is heavily wounded.
* * * LOW HITPOINT WARNING * * *
You feel extremely sick.
The gnoll sergeant hits you but does no damage.
You are more poisoned.
You hit the gnoll sergeant but do no damage.
You bite the gnoll sergeant, but do no damage.
The gnoll sergeant is heavily wounded.
You die...
Your body crumbles into a pile of gold.

#.#......##
#........#
###.<.####
#...# #...###
##.....##
#.......## # $
###......####.#
##.....<.@gg#
##.....$##gg.#
##....## .....
##..## ....
#..# #.. #.## .
#.# .. ..


You could see a gnoll sergeant and 3 gnolls.

Vanquished Creatures
  Edmund (D:4)
  An ice beast (D:4)
  A scorpion (D:4)
  2 jellies (D:4)
  A hound (D:4)
  An orc priest (D:3)
  Terence (D:3)
  2 sleepcaps (D:4)
  4 orc wizards (D:3)
  2 gnolls
  11 adders
  An ufetubus (D:4)
  3 worms
  3 dart slugs
  8 orcs
  7 endoplasms
  4 giant cockroaches
  6 goblins
  7 hobgoblins
  3 jackals (D:5)
  7 kobolds
  3 quokkas
  7 ball pythons
  3 bats
  5 frilled lizards
  4 rats
98 creatures vanquished.

Notes
Turn   | Place    | Note
-------+----------+-------------------------------------------
     0 | D:1      | DeathPants the Vine Stalker Wanderer began the quest for
                  | the Orb.
     0 | D:1      | DeathPants set off with the following items: a +0 falchion,
                  | a +2 scale mail, a scroll of silence, a potion of berserk
                  | rage.
     0 | D:1      | Reached XP level 1. HP: 11/11 MP: 2/2
   126 | D:1      | Reached XP level 2. HP: 8/15 MP: 1/3
   421 | D:1      | Found a faded altar of an unknown god.
   535 | D:1      | Reached skill level 1 in Spellcasting
   699 | D:2      | Reached skill level 1 in Dodging
   699 | D:2      | Reached XP level 3. HP: 9/18 MP: 5/5
  1112 | D:2      | Gained mutation: Your natural rate of healing is unusually
                  | fast. [Vine Stalker growth]
  1112 | D:2      | Reached XP level 4. HP: 23/23 MP: 7/7
  1706 | D:3      | Noticed Terence
  1736 | D:3      | Killed Terence
  1737 | D:3      | Reached XP level 5. HP: 28/28 MP: 9/9
  1908 | D:4      | Found a staircase to the Ecumenical Temple.
  1977 | Temple   | Entered the Ecumenical Temple
  2310 | D:4      | Reached XP level 6. HP: 29/32 MP: 11/11
  2576 | D:4      | Found a basalt altar of Yredelemnul.
  2693 | D:3      | Found a burning altar of Makhleb.
  2959 | D:5      | Entered Level 5 of the Dungeon
  3119 | D:4      | Noticed an ice beast
  3146 | D:4      | Killed an ice beast
  3147 | D:4      | Reached XP level 7. HP: 13/37 MP: 2/13
  3329 | D:4      | Noticed Edmund
  3383 | D:4      | Killed Edmund
  3460 | D:4      | Found Eniesyzutz's Distillery.
  3493 | D:4      | Bought a potion of curing for 36 gold pieces
  3682 | D:4      | Found an ornate altar of the Wu Jian Council.
  3830 | D:4      | Found an opulent altar of Gozag.
  3831 | D:4      | Found a sparkling altar of Nemelex Xobeh.
  3837 | D:4      | Reached skill level 5 in Spellcasting
  3843 | D:4      | Became a worshipper of Gozag Ym Sagoz the Greedy
  4365 | D:5      | Reached skill level 5 in Fighting
  4373 | D:5      | Succumbed to a gnoll sergeant's poison

Illustrated notes

Levels and vault maps discovered:
D:1:      dpeg_arrival_pits, layout_loops_ring,
          hellmonk_ecumenical_altar_heavens_door
D:2:      layout_basic, minivault_23, nrook_campfire
D:3:      layout_basic, lightli_temple_of_fire, uniq_terence
D:4:      minmay_angry_zag, layout_layer_cave, grunt_temple_overflow_opulence,
          nzn_wu_jian_contemplation, yredelemnul_altar_generic,
          minmay_temple_entry_purple_smoke, serial_shops, shop, uniq_edmund
D:5:      layout_layer_cave, serial_shops, shop
Temple:   oiseaux_autumnal_temple

Skill      XL: |  1  2  3  4  5  6  7 |
---------------+----------------------+-----
Fighting       | 2 3 4 5 |  5.0
Spellcasting   | 1 2 3 5 |  5.0
Dodging        | 1 2 3 |  3.2
Long Blades    | |  2.8
Armour         | |  3.2
Invocations    | |  1.0

Action                     |  1- 3 |  4- 6 |  7- 9 || total
---------------------------+-------+-------+-------++-------
  Melee: Falchion          |    78 |    96 |       ||   174
         Bite              |    23 |    47 |    46 ||   116
         Punch             |     3 |     3 |     3 ||     9
         Rapier            |       |   127 |   129 ||   256
  Throw: Dart              |       |     5 |     1 ||     6
    Use: Potion            |       |     2 |       ||     2
         Scroll            |       |       |     5 ||     5
 Armour: Scale mail        |    36 |    25 |       ||    61
         Chain mail        |       |    91 |    52 ||   143
  Dodge: Dodged            |    54 |   209 |    81 ||   344

Table legend: (Time is in decaauts)
 A = Elapsed time spent in this place.
 B = Non-inter-level travel time spent in this place.
 C = Inter-level travel time spent in this place.
 D = Time resting spent in this place.
 E = Time spent auto-exploring this place.
 F = Levels seen in this place.
 G = Mean time per level.
                   A        B        C        D        E       F      G
               +--------+--------+--------+--------+--------+-----+--------+
         Total |   4457 |   4323 |    134 |    100 |   2888 |   6 |  742.8 |
       Dungeon |   4151 |   4050 |    101 |    100 |   2629 |   5 |  830.2 |
        Temple |    305 |    272 |     33 |      0 |    259 |   1 |  305.0 |
               +--------+--------+--------+--------+--------+-----+--------+

Top non-repeatable levels by time:
     D:4: 1592 daAuts
     D:2: 968 daAuts
     D:3: 859 daAuts
     D:1: 679 daAuts
  Temple: 305 daAuts
     D:5: 51 daAuts
